 Dungeon Crawl Stone Soup version 0.29.1-2-gbd0b4ee654 (webtiles) character file.

Game seed: 17854203513711330444

1752 Icepheonix32 the Insei (level 9, 0/63 HPs)
             Began as an Octopode Transmuter on Nov 21, 2022.
             Was an Initiate of Gozag.
             Slain by a gnoll
             ... wielding a +0 halberd
             ... led by a gnoll bouda
              (9 damage)
             ... on level 7 of the Dungeon.
             The game lasted 00:10:00 (9168 turns).

Icepheonix32 the Insei (Octopode Transmuter)        Turns: 9168, Time: 00:10:01

Health: 0/63       AC:  6    Str:  9    XL:     9   Next: 6%
Magic:  8/12       EV: 12    Int: 18    God:    Gozag
Gold:   312        SH:  0    Dex: 14    Spells: 2/12 levels left

rFire   x . .      SeeInvis .     - Unarmed
rCold   + + +      Faith    .   (shield currently unavailable)
rNeg    . . .      Spirit   .   (helmet currently unavailable)
rPois   +          Reflect  .   (no amulet)
rElec   .          Harm     .   (no ring)
rCorr   .          Rampage  .   (no ring)
Will    .....                   (no ring)
Stlth   +.........              (no ring)
HPRegen 0.20/turn               (no ring)
MPRegen 0.13/turn               (no ring)
                                (no ring)
                                (no ring)

@: ice-form, gold aura, very slightly contaminated
A: freezing attack, boosted hp, almost no armour, amphibious, 8 rings, large,
(camouflage 1), (gelatinous body 1), (nimble swimmer 1), (tentacles), (poison
resistance)
a: End Transformation, Renounce Religion, Potion Petition, Call Merchant, Bribe
Branch


You were on level 7 of the Dungeon.
You worshipped Gozag.
Gozag was aware of your devotion.
You were a creature of crystalline ice.
You visited 2 branches of the dungeon, and saw 8 of its levels.

You collected 426 gold pieces.
You paid 114 gold pieces to Gozag.

Inventory:

Missiles
 g - 33 poisoned darts
 m - 2 curare-tipped darts
Magical Staves
 h - a staff of poison (melded)
 j - a staff of fire
Jewellery
 d - a ring of fire
Scrolls
 b - 3 scrolls of blinking
 e - 2 scrolls of identify
 i - 3 scrolls of vulnerability
 n - 2 scrolls of summoning
 p - a scroll of brand weapon
Potions
 a - a potion of lignification
 c - 3 potions of brilliance
 k - 2 potions of might
 l - 2 potions of mutation
 o - a potion of curing


   Skills:
 - Level 1.0 Fighting
 + Level 0.1 Staves
 + Level 0.9 Throwing
 * Level 6.7 Dodging
 * Level 7.9 Unarmed Combat
 - Level 2.0 Spellcasting
 + Level 5.1 Transmutations
 * Level 0.3 Ice Magic
 * Level 3.2 Poison Magic


You had 2 spell levels left.
You knew the following spells:

 Your Spells              Type           Power      Damage    Failure   Level
a - Beastly Appendage     Tmut           40%        N/A       2%          1
b - Spider Form           Tmut/Pois      16%        N/A       10%         3
c - Wereblood             Tmut           20%        N/A       3%          2
d - Ice Form              Ice/Tmut       11%        N/A       52%         4

Your spell library contained the following spells:

 Spells                   Type           Power      Damage    Failure   Level
 Sting                    Tmut/Pois      64%        1d6       3%          1
 Poisonous Vapours        Pois/Air       14%        N/A       14%         2
 Olgreb's Toxic Radiance  Pois           13%        N/A       43%         4
 Passage of Golubria      Tloc           1%         N/A       87%         4
 Silence                  Hex/Air        0%         N/A       99%         5
 Lehudib's Crystal Spear  Conj/Erth      0%         10d2      100%        8


Dungeon Overview and Level Annotations

Branches:
Dungeon (7/15)             Temple (1/1) D:6

Altars:
Ashenzari
Cheibriados
Dithmenos
Elyvilon
Gozag
Nemelex Xobeh
Okawaru
Qazlal
Ru
Sif Muna
Trog
Uskayaw
Vehumet
Wu Jian
Xom
Yredelemnul
Zin
The Shining One

Shops:
D:7 (

Annotations:
D:5 3 runed translucent doors, KittyFluff's ghost, novice GrBe


Innate Abilities, Weirdness & Mutations

You are a creature of crystalline ice.
You have a powerful freezing melee attack.
Your maximum health is increased.
Your armour is entirely melded.
You are incapable of wielding weapons or throwing items.
You cannot wear most types of armour.
You are amphibious.
You can wear up to eight rings at the same time.
((Your skin changes colour to match your surroundings (Stealth+).))
((Your rubbery body absorbs attacks. (AC +1, EV +1)))
((You are camouflaged when in or above water. (Stealth+)))
((You have tentacles for arms and can constrict up to eight enemies at once.))
((Your system is resistant to poisons. (rPois)))


Message History

Casting: Ice Form (quite dangerous; 52% risk of failure)
Confirm with . or Enter, or press ? or * to list all spells.
You miscast Wereblood.
You are very lightly contaminated with residual magic.
Nothing appears to happen.
You feel sick. The killer bee barely misses you. The killer bee misses you.
You hit the killer bee. You freeze the killer bee.
The killer bee is heavily wounded.
You feel sick. The killer bee stings you. The killer bee completely misses you.
You closely miss the killer bee.
The killer bee is heavily wounded.
You feel sick. The killer bee stings you!
The killer bee stings you but does no damage.
You miss the killer bee.
The killer bee is heavily wounded.
You feel sick.
You are no longer poisoned.
The killer bee barely misses you.
You closely miss the killer bee.
The killer bee is heavily wounded.
The killer bee misses you. The killer bee barely misses you.
The gnoll bouda is distracted by your dazzling golden aura.
The gnoll barely misses you.
You closely miss the killer bee.
The killer bee is heavily wounded.
The gnoll bouda shouts!
The killer bee stings you. The killer bee closely misses you.
You miss the killer bee.
The killer bee is heavily wounded.
The gnoll hits you from afar with a +0 halberd!
* * * LOW HITPOINT WARNING * * *
The killer bee stings you.
* * * LOW HITPOINT WARNING * * *
You closely miss the killer bee.
The killer bee is heavily wounded.
The gnoll bouda is no longer distracted by gold.
The killer bee barely misses you.
The gnoll hits you from afar with a +0 halberd!
You die...
Your body crumbles into a pile of gold.

.......≈≈≈≈≈# ##...
.......≈###≈###.....
.......g$y'.<....# #
.......≈###≈.##..##...
.......≈≈≈≈≈.#......#
............#....##..)
.........###...###
..!.....g##.......
........gyY..##....
(.......#######.....#
$.................#...
.......<.###.....##.#
......#### ### ..
...... ...... $......
.....


You could see a gnoll bouda, a killer bee and a gnoll (swift).

Vanquished Creatures
  Grinder (D:6)
  Eustachio (D:5)
  A black bear (D:5)
  A centaur (D:5)
  2 phantoms
  4 kobold brigands (D:6)
  3 scorpions
  4 killer bees
  2 centaur zombies (D:5)
  A jelly (D:7)
  A hound (D:5)
  2 iguanas (D:6)
  11 adders
  8 gnolls
  A white imp (D:5)
  2 ufetubi (D:6)
  A worm (D:2)
  A dart slug (D:1)
  An orc (D:4)
  5 ball pythons
  3 bats (D:1)
  12 endoplasms
  4 giant cockroaches
  7 goblins
  7 hobgoblins
  4 jackals
  A quokka (D:2)
  5 frilled lizards
  26 kobolds
122 creatures vanquished.

Vanquished Creatures (others)
  4 plants (D:6)
4 creatures vanquished.

Grand Total: 126 creatures vanquished

Notes
Turn   | Place    | Note
-------+----------+-------------------------------------------
     0 | D:1      | Icepheonix32 the Octopode Transmuter began the quest for
                  | the Orb.
     0 | D:1      | Reached XP level 1. HP: 13/13 MP: 3/3
   163 | D:1      | Reached XP level 2. HP: 18/18 MP: 3/5
   713 | D:1      | Reached XP level 3. HP: 22/23 MP: 4/6
  1654 | D:2      | Reached skill level 4 in Unarmed Combat
  1654 | D:2      | Reached XP level 4. HP: 21/28 MP: 5/7
  1924 | D:2      | Found an ornate altar of the Wu Jian Council.
  3597 | D:4      | Found a bloodstained altar of Trog.
  3688 | D:4      | Reached XP level 5. HP: 33/33 MP: 6/8
  3720 | D:4      | Found a broken altar of Ashenzari.
  4145 | D:4      | Reached skill level 5 in Unarmed Combat
  4145 | D:4      | Reached XP level 6. HP: 36/38 MP: 7/9
  4256 | D:4      | Found a shadowy altar of Dithmenos.
  4265 | D:4      | Found an iron altar of Okawaru.
  4872 | D:5      | Entered Level 5 of the Dungeon
  4989 | D:5      | Found a runed translucent gate.
  4989 | D:5      | Found a runed translucent gate.
  4989 | D:5      | Found a runed translucent gate.
  4989 | D:5      | Noticed KittyFluff's ghost (novice GrBe)
  4996 | D:5      | Found a basalt altar of Yredelemnul.
  5166 | D:5      | Noticed a black bear
  5175 | D:5      | Killed a black bear
  5176 | D:5      | Reached XP level 7. HP: 22/43 MP: 8/10
  5512 | D:4      | Learned a level 3 spell: Spider Form
  5515 | D:4      | Learned a level 2 spell: Wereblood
  5520 | D:4      | Learned a level 4 spell: Ice Form
  5541 | D:5      | Reached skill level 6 in Unarmed Combat
  6204 | D:5      | Reached skill level 1 in Poison Magic
  6511 | D:5      | Noticed Eustachio
  6530 | D:5      | Gained mutation: Your system is resistant to poisons.
                  | (rPois) [potion of mutation]
  6532 | D:5      | Killed Eustachio
  7345 | D:6      | Reached XP level 8. HP: 48/48 MP: 11/11
  7382 | D:6      | Reached skill level 5 in Dodging
  7891 | D:6      | Found a staircase to the Ecumenical Temple.
  7949 | D:6      | HP: 1/48 [adder (4)]
  8214 | Temple   | Entered the Ecumenical Temple
  8253 | Temple   | Became a worshipper of Gozag Ym Sagoz the Greedy
  8438 | D:6      | Reached skill level 7 in Unarmed Combat
  8445 | D:6      | Noticed Grinder
  8457 | D:6      | Killed Grinder
  8558 | D:6      | Reached skill level 5 in Transmutations
  8890 | D:7      | Found Mulea's Antique Weapon Shop.
  8923 | D:6      | Reached XP level 9. HP: 27/53 MP: 10/12
  9168 | D:7      | Slain by a gnoll

Illustrated notes

Levels and vault maps discovered:
D:1:      spicycebolla_arrival_ecumenical, layout_loops_cross
D:2:      minmay_inner_zag, layout_loops_corners, basic_altar, solitary_fountain
D:3:      layout_rooms
D:4:      cheibrodos_quashed, layout_basic, mainiacjoe_overflow_swirl,
          nicolae_ashenzari_panopticon, kennysheep_little_box
D:5:      layout_cave_pods, nicolae_yredelemnul_ghost_church, uniq_eustachio
D:6:      layout_basic, minmay_temple_entry_gardened_gates, uniq_grinder
D:7:      layout_rooms, lemuel_zombie_altar_kikubaaqudgha, serial_shops,
          kennysheep_mini_moat
Temple:   nicolae_temple_ecumenical_triangle

Skill      XL: |  1  2  3  4  5  6  7  8 |
---------------+-------------------------+-----
Unarmed Combat | 4 5 6 7 |  7.9
Dodging        | 3 4 6 |  6.7
Transmutations | 3 4 5 |  5.1
Poison Magic   | 1 3 |  3.2
Fighting       | |  1.0
Staves         | |  0.1
Throwing       | |  0.9
Spellcasting   | |  2.0
Ice Magic      | |  0.3

Action                   |  1- 3 |  4- 6 |  7- 9 || total
-------------------------+-------+-------+-------++-------
Melee: Unarmed           |    56 |   110 |   166 ||   332
       Tentacles         |    10 |    24 |    21 ||    55
       Kick              |    14 |    24 |    21 ||    59
       Constrict         |    14 |    20 |    12 ||    46
       Punch             |     2 |     7 |     4 ||    13
       Staff             |       |       |     3 ||     3
Throw: Dart              |       |     4 |     6 ||    10
 Cast: Beastly Appendage |    18 |    27 |    14 ||    59
       Spider Form       |       |       |     8 ||     8
       Wereblood         |       |       |     7 ||     7
       Ice Form          |       |       |     2 ||     2
 Abil: End Transformatio |       |       |     1 ||     1
  Use: Scroll            |     2 |     5 |     3 ||    10
       Potion            |       |     5 |     4 ||     9
 Stab: Sleeping          |     6 |     7 |     4 ||    17
Armor: Skin              |     7 |    11 |    20 ||    38
Dodge: Dodged            |    29 |    65 |   195 ||   289
